 Dungeon Crawl Stone Soup version 0.31-a0-365-gcf821cafb2 (webtiles) character file.

Game seed: 12293208701219502295

103466 Monkooky the Severer (level 16, -9/155 HPs)
             Began as a Hill Orc Monk on July 27, 2023.
             Was the Champion of Fedhas.
             Killed from afar by a wretched star (25 damage)
             ... with a lance of force
             ... on level 2 of the Abyss.
             The game lasted 01:12:18 (25952 turns).

Monkooky the Severer (Hill Orc Monk)               Turns: 25952, Time: 01:12:19

Health: -9/155     AC: 17    Str: 24    XL:     16   Next: 36%
Magic:  0/29       EV: 15    Int: 10    God:    Fedhas [******]
Gold:   533        SH: 10    Dex: 13    Spells: 15/15 levels left

rFire   + . .        l - +6 broad axe (venom)
rCold   . . .        n - +1 kite shield {rN+}
rNeg    + . .        S - +2 leather armour of Hepliaklqana's Respect {Slay+6 Stlth+}
rPois   .            h - +0 helmet
rElec   .            K - +2 cloak {rCorr}
rCorr   +            D - +0 pair of gloves
SInv    .            w - +2 pair of boots
Will    +....        r - amulet of the Thieving Gods {Spirit Str+2 Slay+2}
Stlth   ++           u - +4 ring of protection
HPRegen 0.45/turn    G - ring of protection from fire
MPRegen 0.21/turn

%: guardian spirit
@: unable to drink
A: [subdued magic 3], [inability to drink after injury 2]
a: Renounce Religion, Wall of Briars, Grow Ballistomycete, Overgrow, Grow Oklob


You were on level 2 of the Abyss.
You worshipped Fedhas.
Fedhas was exalted by your worship.
You visited 3 branches of the dungeon, and saw 22 of its levels.
You visited the Abyss 1 time.
You also visited: Gauntlet.

You collected 3130 gold pieces.
You spent 2597 gold pieces at shops.

Inventory:

Hand Weapons
 l - a +6 broad axe of venom (weapon)
Missiles
 d - 9 javelins
 M - 10 curare-tipped darts
 Y - 4 silver javelins
 Z - a throwing net
Armour
 h - a +0 helmet (worn)
 n - a +1 kite shield of positive energy (worn)
 w - a +2 pair of boots (worn)
 D - a +0 pair of gloves (worn)
 K - a +2 cloak of preservation (worn)
 S - the +2 leather armour of Hepliaklqana's Respect (worn) {Slay+6 Stlth+}
   (You found it on level 11 of the Dungeon)

   Slay:      It affects your accuracy & damage with ranged weapons and melee
   (+6).
   Stlth:     It makes you more stealthy.
Jewellery
 b - the ring of Heleegh {rPois MP+9}
   (You took it off a minotaur in a Gauntlet)

   [ring of magical power]

   rPois:     It protects you from poison.
   MP:        It affects your magic capacity (+9).
 j - the ring "Yquiruk" {Will+ Dex+3}
   (You found it in a Gauntlet)

   [ring of willpower]

   Dex:       It affects your dexterity (+3).
   Will:      It increases your willpower.
 r - the amulet of the Thieving Gods (around neck) {Spirit Str+2 Slay+2}
   (You found it in a Gauntlet)

   [amulet of guardian spirit]

   It causes incoming damage to be divided between your reserves of health and
   magic.
   Str:       It affects your strength (+2).
   Slay:      It affects your accuracy & damage with ranged weapons and melee
   (+2).
 u - a +4 ring of protection (left hand)
 y - a ring of protection from cold
 B - a ring of see invisible
 G - a ring of protection from fire (right hand)
Wands
 I - a wand of iceblast (22)
 J - a wand of mindburst (3)
 Q - a wand of acid (11)
 U - a wand of charming (10)
 V - a wand of flame (11)
Scrolls
 e - 8 scrolls of teleportation
 f - 5 scrolls of poison
 i - 6 scrolls of fear
 v - a scroll of fog
 x - 3 scrolls of immolation
 L - 4 scrolls of revelation
 N - a scroll of silence
 O - a scroll of noise
 P - 3 scrolls of vulnerability
Potions
 a - a potion of berserk rage
 c - 3 potions of ambrosia
 g - 2 potions of might
 k - 5 potions of haste
 m - a potion of attraction
 o - 3 potions of enlightenment
 t - 4 potions of mutation
 z - 3 potions of curing
 A - 5 potions of heal wounds
 E - a potion of brilliance
 F - a potion of resistance
 H - a potion of cancellation
 R - a potion of invisibility
Miscellaneous
 p - a tin of tremorstones (2/2)
 q - a phial of floods
 s - a box of beasts
 T - a phantom mirror
 W - a lightning rod (4/4)


   Skills:
 - Level 17.5 Fighting
 - Level 20.0 Axes
 - Level 2.4 Armour
 - Level 9.8 Dodging
 - Level 6.1 Shields
 - Level 19.2 Invocations
 * Level 13.7 Evocations


You had 15 spell levels left.
You didn't know any spells.
Your spell library contained the following spells:

 Spells                   Type           Power      Damage    Failure   Level
 Foxfire                  Conj/Fire      0%         2x1d4     52%         1
 Summon Small Mammal      Summ           0%         N/A       52%         1
 Blink                    Tloc           0%         N/A       67%         2
 Call Canine Familiar     Summ           0%         N/A       89%         3
 Frozen Ramparts          Ice            0%         1d1       89%         3
 Ozocubu's Armour         Ice            0%         N/A       89%         3
 Portal Projectile        Hex/Tloc       0%         N/A       89%         3
 Summon Guardian Golem    Hex/Summ       0%         N/A       89%         3
 Tukima's Dance           Hex            0%         N/A       89%         3
 Cause Fear               Hex            0%         N/A       100%        4
 Iskenderun's Mystic Bla  Conj/Tloc      0%         2d3       100%        4
 Manifold Assault         Tloc           0%         N/A       100%        4
 Petrify                  Tmut/Erth      0%         N/A       100%        4
 Fireball                 Conj/Fire      0%         3d3       100%        5
 Metabolic Englaciation   Hex/Ice        0%         N/A       100%        5
 Summon Forest            Summ/Tloc      0%         N/A       100%        5
 Summon Mana Viper        Hex/Summ       0%         N/A       100%        5
 Simulacrum               Ice/Necr       0%         N/A       100%        6
 Summon Cactus Giant      Summ           0%         N/A       100%        6
 Dragon's Call            Summ           0%         N/A       100%        9


Dungeon Overview and Level Annotations

Branches:
Dungeon (15/15)            Temple (0/1) D:5            Lair (5/5) D:9
  Swamp (0/4) Lair:3        Snake (0/4) Lair:2        Slime (0/5) Lair:5
    Orc (2/2) D:12            Elf (0/3) Orc:2        Vaults (0/5) D:13
Gauntlet (visited)
 Depths: D:15

Altars:
Ashenzari
Fedhas
Kikubaaqudgha
Makhleb
Okawaru
Ru
Sif Muna
Trog
Uskayaw
Vehumet
Wu Jian
Zin
The Shining One
Lugonu

Shops:
D:3 :   D:11 (   Orc:1 !   Orc:2 *!:((

Portals:
Abyss: Lair:5

Annotations:
D:3 exclusion: downstairs
D:12 exclusion: downstairs
Lair:2 2 transporters, innerfire43's ghost, journeyman DsMo
Lair:3 2 transporters, osoart's ghost, journeyman FeSh


Innate Abilities, Weirdness & Mutations

[Your spells are much easier to cast, but much less powerful.]
[You sometimes lose the ability to drink potions when taking damage.]


Message History

You completely miss the neqoxec.
The neqoxec is moderately wounded.
You slash the ufetubus!
You kill the ufetubus!
Fedhas accepts your kill. You block the neqoxec's attack.
Unknown command.
You closely miss the neqoxec.
The neqoxec is moderately wounded.
The neqoxec closely misses you.
You slash the neqoxec!
The neqoxec is heavily wounded.
You slash the neqoxec!
The neqoxec is almost dead.
You can drink potions again.
The neqoxec closely misses you.
You slash the neqoxec!
You kill the neqoxec!
Fedhas accepts your kill. Something hits you!
* * * LOW HITPOINT WARNING * * *
You feel your power leaking away.
Unknown command.
You feel much better. Something hits you!!
You feel threatened and lose the ability to drink potions!
* * * LOW HITPOINT WARNING * * *
You cannot drink potions in your current state!
Blink to where?
Press: ? - help, Dir - move target
Found a gateway leading out of the Abyss.
As you read the scroll of blinking, it crumbles to dust.
A large abomination comes into view.
As you read the scroll of teleportation, it crumbles to dust.
You feel strangely stable.
A chaos spawn comes into view.
There is a gateway leading out of the Abyss here.
The wretched star glows turbulently.
The lance of force hits you!!
You die...
Fedhas appreciates your contribution to the ecosystem.

.. ... .. #.#
##.## #.#
...###...# #...
..#.....#X.
.........
#.....# #... .##
##.###
..###*..@#
...#.....# .
........... *.
..X#.....#...
...
...###..4###...#


PP# ##.## ##.## #.## P.P.###...## ... ..# PPP..# .... ... .. ............. You
could see a wretched star, a large abomination and a chaos spawn (wandering).

Vanquished Creatures
  Rupert (D:13)
  A tentacled starspawn (Abyss:2)
  Donald (Orc:2)
  An orc warlord (Orc:1)
  3 very ugly things (Abyss:2)
  A war gargoyle (D:14)
  A minotaur (Gauntlet)
  A starcursed mass (Abyss:2)
  An entropy weaver (Gauntlet)
  A rakshasa (D:15)
  2 hydras
  Erolcha (D:10)
  2 ogre magi (Orc:2)
  2 centaur warriors
  A death knight (D:13)
  Erica (D:10)
  4 boulder beetles
  12 two-headed ogres
  A demonic crawler (Abyss:2)
  2 thrashing horrors (Lair:5)
  An orc high priest (Orc:2)
  3 large abominations
  4 tengu warriors
  Sonja (Lair:4)
  Urug (Lair:5)
  A soul eater (Gauntlet)
  3 skysharks
  A sixfirhy (Abyss:2)
  2 deep trolls (Orc:2)
  An anaconda skeleton (Abyss:2)
  A necromancer (D:13)
  An orc knight (Orc:1)
  A wolf spider (Lair:2)
  A deep elf pyromancer (D:14)
  A worldbinder (Abyss:2)
  9 cyclopes
  4 orc sorcerers
  5 ugly things
  A spectral centaur (D:11)
  8 black mambas
  10 elephants (Lair:5)
  4 manticores
  3 smoke demons (Lair:5)
  A naga mage (D:15)
  A minotaur zombie (Gauntlet)
  2 rime drakes
  2 gargoyles
  10 cane toads
  An unseen horror (D:10)
  2 efreet (D:14)
  5 komodo dragons
  An ice devil (Gauntlet)
  A tengu conjurer (D:15)
  19 trolls
  A freezing wraith (D:15)
  An ancient zyme (Abyss:2)
  2 tyrant leeches (Lair:3)
  A wolf spider simulacrum (D:15)
  6 polar bears
  2 raiju (Lair:5)
  A hornet (D:9)
  15 blink frogs
  7 dream sheep (Lair:4)
  A jumping spider (Gauntlet)
  Prince Ribbit (D:6)
  A meliai zombie (D:11)
  7 slime creatures
  A centaur simulacrum (D:14)
  A water elemental (D:14)
  60 yaks
  A shadow (D:11)
  5 wyverns
  A spriggan (Lair:5)
  A ynoxinul (Lair:5)
  2 culicivoras (shapeshifter)
  A neqoxec (Abyss:2)
  6 basilisks
  A wraith (D:12)
  10 vampire mosquitoes
  A steam dragon (Lair:1)
  2 chaos spawn (Lair:5)
  2 swamp worms (Lair:3)
  3 wargs
  An acid dragon (D:10)
  20 water moccasins
  Duvessa (D:7)
  2 sky beasts (D:7)
  10 ice beasts
  19 orc warriors
  A meliai simulacrum (D:15)
  3 black bears
  26 ogres
  29 wolves
  5 centaurs
  4 boggarts (D:14)
  4 phantoms
  4 kobold brigands
  11 small abominations
  2 bullfrogs
  A gnoll sergeant (D:13)
  A scorpion (D:5)
  A water moccasin skeleton (D:5)
  6 wights
  3 killer bees (D:9)
  Dowan (D:7)
  An electric eel (D:14)
  A howler monkey (D:10)
  4 hounds
  3 jellies
  13 orc priests
  2 gnoll boudas
  A bullfrog skeleton (D:5)
  4 centaur skeletons
  An iguana (D:5)
  Jessica (D:2)
  21 orc wizards
  A scorpion zombie (D:5)
  6 gnolls
  A howler monkey zombie (D:5)
  4 adders
  6 shadow imps
  9 white imps
  An ufetubus (Abyss:2)
  2 worms
  2 dart slugs
  68 orcs
  10 ball pythons
  7 endoplasms
  5 giant cockroaches
  7 goblins
  8 hobgoblins
  2 jackals (D:2)
  4 quokkas
  7 bats
  A frilled lizard (D:1)
  16 kobolds
  4 rats
  2 starspawn tentacles (Abyss:2)
676 creatures vanquished.

Vanquished Creatures (collateral kills)
  An orc warlord (Orc:2)
  2 yaks (D:11)
  A basilisk (Lair:5)
  An acid dragon (D:8)
  A warg (Orc:2)
  An ogre (Orc:2)
  A wight (Abyss:2)
  An orc priest (Orc:2)
  A bullfrog skeleton (D:5)
  10 orcs (Orc:2)
  A kobold (D:11)
  84 ballistomycete spores
105 creatures vanquished.

Vanquished Creatures (others)
  6 ballistomycete spores
  2 starspawn tentacles (Abyss:2)
8 creatures vanquished.

Grand Total: 789 creatures vanquished

Notes
Turn   | Place    | Note
-------+----------+-------------------------------------------
     0 | D:1      | Monkooky the Hill Orc Monk began the quest for the Orb.
     0 | D:1      | Reached XP level 1. HP: 19/19 MP: 1/1
    94 | D:1      | Found Baycref's Vocational Training.
   143 | D:1      | Reached XP level 2. HP: 23/26 MP: 2/2
   414 | D:1      | Reached skill level 5 in Axes
  1108 | D:2      | Reached XP level 3. HP: 31/31 MP: 3/3
  1194 | D:2      | Noticed Jessica
  1199 | D:2      | Killed Jessica
  1200 | D:2      | Reached skill level 6 in Axes
  1200 | D:2      | Reached XP level 4. HP: 34/39 MP: 4/4
  1306 | D:2      | Identified the +1 robe "Wudgh" {Dex+3}
  2021 | D:3      | Reached skill level 7 in Axes
  2021 | D:3      | Reached XP level 5. HP: 42/45 MP: 5/5
  2254 | D:3      | Found Taehus's Book Shop.
  2604 | D:4      | Noticed a phantom
  2616 | D:4      | Killed a phantom
  2617 | D:4      | Reached skill level 8 in Axes
  2617 | D:4      | Reached XP level 6. HP: 38/51 MP: 6/6
  2720 | D:4      | Found a blossoming altar of Fedhas.
  2759 | D:4      | Became a worshipper of Fedhas Madash
  2759 | D:4      | Reached * piety under Fedhas
  2759 | D:4      | Reached ** piety under Fedhas
  2930 | D:4      | Found a burning altar of Makhleb.
  2931 | D:4      | Found an ancient bone altar of Kikubaaqudgha.
  2932 | D:4      | Found a sacrificial altar of Ru.
  2932 | D:4      | Found a glowing silver altar of Zin.
  3203 | D:4      | Reached skill level 9 in Axes
  3305 | D:4      | Found an ornate altar of the Wu Jian Council.
  3328 | D:5      | Entered Level 5 of the Dungeon
  3328 | D:5      | Found a staircase to the Ecumenical Temple.
  3443 | D:5      | Reached skill level 10 in Axes
  3443 | D:5      | Reached XP level 7. HP: 50/57 MP: 7/7
  3673 | D:5      | Reached skill level 11 in Axes
  4009 | D:5      | Reached skill level 12 in Axes
  4009 | D:5      | Reached XP level 8. HP: 19/64 MP: 6/8
  4148 | D:5      | Reached skill level 1 in Armour
  4548 | D:5      | Reached skill level 5 in Fighting
  4821 | D:6      | Reached *** piety under Fedhas
  5039 | D:6      | Found a glowing golden altar of the Shining One.
  5440 | D:6      | Noticed Sigmund
  5449 | D:6      | Sigmund changed into Sigmund the wolf
  5449 | D:6      | Noticed Sigmund
  5458 | D:6      | Killed Sigmund the wolf
  5459 | D:6      | Reached skill level 5 in Invocations
  5664 | D:6      | Noticed Prince Ribbit
  5684 | D:6      | Killed Prince Ribbit
  5685 | D:6      | Reached XP level 9. HP: 47/74 MP: 12/14
  6018 | D:6      | Reached skill level 13 in Axes
  6409 | D:7      | Reached skill level 14 in Axes
  6672 | D:7      | Noticed Duvessa
  6672 | D:7      | Noticed Dowan
  6688 | D:7      | Killed Duvessa
  6690 | D:7      | Killed Dowan
  7137 | D:8      | Identified a scroll of acquirement
  7138 | D:8      | Acquired 808 gold pieces
  7256 | D:1      | Bought a manual of Invocations for 880 gold pieces
  7502 | D:8      | Reached skill level 10 in Invocations
  7521 | D:8      | Reached XP level 10. HP: 24/81 MP: 17/17
  8460 | D:9      | Reached **** piety under Fedhas
  8507 | D:9      | Reached skill level 15 in Invocations
  8509 | D:9      | Paralysed by a hornet for 1 turns
  8524 | D:9      | HP: 6/121 [poisoned by a hornet]
  8794 | D:9      | Found a staircase to the Lair.
  9049 | D:9      | Noticed a green ugly thing
  9087 | D:9      | Killed a green ugly thing
  9304 | D:9      | Found an iron altar of Okawaru.
  9306 | D:9      | Noticed a two-headed ogre
  9331 | D:9      | Killed a two-headed ogre
  9332 | D:9      | Reached XP level 11. HP: 64/86 MP: 24/24
  9458 | D:10     | Entered Level 10 of the Dungeon
  9458 | D:10     | Noticed Erica
  9467 | D:10     | Killed Erica
  9468 | D:10     | Reached skill level 15 in Axes
 10561 | D:10     | Noticed Erolcha
 10572 | D:10     | Killed Erolcha
 10573 | D:10     | Reached skill level 16 in Axes
 10721 | D:11     | Noticed a boulder beetle
 10730 | D:11     | Noticed a manticore
 10737 | D:11     | Killed a boulder beetle
 10738 | D:11     | Reached skill level 10 in Fighting
 10739 | D:11     | Killed a manticore
 10740 | D:11     | Noticed a two-headed ogre
 10746 | D:11     | Reached XP level 12. HP: 62/108 MP: 25/25
 10764 | D:11     | Killed a two-headed ogre
 11008 | D:11     | Identified the +2 leather armour of Hepliaklqana's Respect
                  | {Slay+6 Stlth+}
 11159 | D:11     | Reached skill level 1 in Evocations
 11584 | D:11     | Found Tuojomew's Antique Weapon Boutique.
 11593 | D:11     | Bought a fine battleaxe for 345 gold pieces
 11593 | D:11     | Identified the +1 battleaxe "Hiwese" {venom, Fly rC+} (You
                  | bought it in a shop on level 11 of the Dungeon)
 11593 | D:11     | Bought a glowing battleaxe for 285 gold pieces
 11668 | Lair:1   | Entered Level 1 of the Lair of Beasts
 11669 | Lair:1   | Found a gate leading to a gauntlet.
 11681 | Gauntlet | Entered a Gauntlet
 11681 | Gauntlet | Found a transporter.
 11681 | Gauntlet | Found a transporter.
 11681 | Gauntlet | Found a transporter.
 11705 | Gauntlet | Found a transporter.
 11717 | Gauntlet | Found a transporter.
 11718 | Gauntlet | Found a transporter.
 11721 | Gauntlet | Noticed a hell hog
 11729 | Gauntlet | Found a transporter.
 11747 | Gauntlet | Found a transporter.
 11758 | Gauntlet | Noticed an entropy weaver
 11764 | Gauntlet | Found a transporter.
 11767 | Gauntlet | Found a transporter.
 11775 | Gauntlet | Found a transporter.
 11778 | Gauntlet | Found a transporter.
 11778 | Gauntlet | Noticed a soul eater
 11877 | Gauntlet | Killed a soul eater
 12070 | Gauntlet | Killed an entropy weaver
 12077 | Gauntlet | Identified the ring "Yquiruk" {Will+ Dex+3}
 12265 | Gauntlet | Identified the +3 arbalest "Ojobba" {drain, +Blink rN+}
 12265 | Gauntlet | Identified the ring of Heleegh {rPois MP+9}
 12265 | Gauntlet | Noticed a minotaur
 12283 | Gauntlet | Killed a minotaur
 12284 | Gauntlet | Reached skill level 17 in Axes
 12298 | Gauntlet | Identified the amulet of the Thieving Gods {Spirit Str+2
                  | Slay+2}
 12769 | Lair:1   | Reached skill level 18 in Axes
 13300 | Lair:2   | Found a staircase to the Snake Pit.
 13315 | Lair:2   | Reached skill level 19 in Axes
 13315 | Lair:2   | Reached XP level 13. HP: 42/118 MP: 14/26
 13605 | Lair:2   | Reached ***** piety under Fedhas
 13784 | Lair:2   | Found a transporter.
 13794 | Lair:2   | Found a transporter.
 13796 | Lair:2   | Noticed innerfire43's ghost (journeyman DsMo)
 13801 | Lair:2   | Found a bloodstained altar of Trog.
 13885 | Lair:2   | Reached skill level 20 in Axes
 14481 | Lair:3   | Found a transporter.
 14739 | Lair:3   | Found a staircase to the Swamp.
 15027 | Lair:3   | Found a transporter.
 15030 | Lair:3   | Noticed osoart's ghost (journeyman FeSh)
 15611 | Lair:4   | Reached skill level 5 in Dodging
 15776 | Lair:4   | Noticed Sonja
 15784 | Lair:4   | Killed Sonja
 16175 | Lair:5   | Entered Level 5 of the Lair of Beasts
 16266 | Lair:5   | Found a staircase to the Slime Pits.
 16277 | Lair:5   | Reached ****** piety under Fedhas
 16287 | Lair:5   | Reached XP level 14. HP: 130/132 MP: 27/27
 16368 | Lair:5   | Noticed Urug
 16387 | Lair:5   | Killed Urug
 16724 | Lair:5   | Reached skill level 15 in Fighting
 17920 | Lair:5   | Found a corrupted altar of Lugonu.
 17920 | Lair:5   | Found a one-way gate to the infinite horrors of the Abyss.
 18843 | D:12     | Found a staircase to the Orcish Mines.
 19216 | Orc:1    | Entered Level 1 of the Orcish Mines
 19216 | Orc:1    | Noticed an orc warlord
 19239 | Orc:1    | Killed an orc warlord
 19263 | Orc:1    | Found Rilyoj's Distillery.
 19276 | Orc:1    | Bought a potion of degeneration for 11 gold pieces
 19276 | Orc:1    | Bought a potion of heal wounds for 55 gold pieces
 19418 | Orc:1    | You are sucked into a shaft and drop 1 floor!
 19418 | Orc:2    | Entered Level 2 of the Orcish Mines
 19424 | Orc:2    | Noticed Donald
 19430 | Orc:2    | Noticed an orc warlord
 19436 | Orc:2    | Killed an orc warlord
 19437 | Orc:2    | Reached XP level 15. HP: 39/146 MP: 6/28
 19437 | Orc:2    | Killed Donald
 19756 | Orc:2    | Found a staircase to the Elven Halls.
 19767 | Orc:2    | Found a radiant altar of Vehumet.
 19810 | Orc:2    | Found a shimmering blue altar of Sif Muna.
 20287 | Orc:1    | You are sucked into a shaft and drop 1 floor!
 20523 | D:1      | Bought a manual of Evocations for 880 gold pieces
 20772 | Orc:2    | Found Lesius's Assorted Antiques.
 20780 | Orc:2    | Bought a cyan potion for 29 gold pieces
 21057 | Orc:2    | Got Sif Muna's Dissertation on Trauma
 21083 | Orc:2    | Reached skill level 5 in Evocations
 21336 | Orc:2    | Found Jahoif's Book Boutique.
 21337 | Orc:2    | Found Moleom's Antique Weapon Shop.
 21342 | Orc:2    | Found Nuologh's Distillery.
 21458 | Orc:2    | Found Tewkoolo's Antique Weapon Boutique.
 21652 | Orc:2    | Bought a broad axe for 112 gold pieces
 22335 | D:13     | Reached skill level 1 in Shields
 22477 | D:13     | Noticed Rupert
 22484 | D:13     | Paralysed by Rupert for 2 turns
 22494 | D:13     | Killed Rupert
 22783 | D:13     | Reached skill level 5 in Shields
 22949 | D:13     | Found a gate to the Vaults.
 23935 | D:14     | Reached skill level 10 in Evocations
 24197 | D:14     | Reached XP level 16. HP: 145/155 MP: 25/29
 24512 | D:15     | Entered Level 15 of the Dungeon
 24623 | D:15     | Found a hide-covered altar of Uskayaw.
 25471 | D:15     | Found a broken altar of Ashenzari.
 25759 | Abyss:2  | Cast into level 2 of the Abyss (a wizard)
 25836 | Abyss:2  | Noticed a tentacled starspawn
 25850 | Abyss:2  | Killed a tentacled starspawn
 25952 | Abyss:2  | Killed from afar by a wretched star

Illustrated notes

Levels and vault maps discovered:
D:1:      ncdulo_lavacross, layout_basic, nicolae_shop_vocational
D:2:      layout_loops_ring, hex_tiny, uniq_jessica
D:3:      layout_loops_ring, serial_shops, shop
D:4:      cheibrodos_helix_gallery, layout_cave_pools, fedhas_altar_3,
          nicolae_wu_jian_immortal_techniques, mainiacjoe_overflow_alcove_3,
          minmay_cupped
D:5:      layout_loops_corners, minmay_temple_entry_purple_smoke, serial_undead,
          serial_undead_c, serial_undead_d, serial_undead_e, serial_undead_c,
          minmay_misc_feat_diagonals
D:6:      layout_loops_corners, nicolae_overflow_hidden_temple,
          mainiacjoe_overflow_catwalk, uniq_sigmund, uniq_prince_ribbit1
D:7:      layout_loops_ring, uniq_duvessa
D:8:      layout_rooms, minmay_increasing_density
D:9:      layout_rooms, marbit_many_paths, hellmonk_lair_entry_icy
D:10:     layout_gridville, uniq_erolcha, uniq_erica
D:11:     layout_small_grid, nicolae_stop_n_shop_2, hangedman_weighted_door
D:12:     layout_gridville, orc_0_dummy
D:13:     layout_gridville, david_vaults_1, kennysheep_generic_room_5,
          uniq_rupert
D:14:     kennysheep_scales, layout_small_grid
D:15:     grunt_enter_depths_magical_seal, layout_loops_corners,
          nicolae_uskayaw_en_pointe, columned_hall_lemuel,
          evilmike_ruin_ashenzari
Lair:1:   layout_gridlike, gauntlet_entry_generic, lemuel_fruit_tree,
          grunt_megastairs_2
Lair:2:   layout_cave_shapes, minmay_snake_entry_six_corridors,
          gammafunk_ghost_wrathful_warriors, nicolae_lair_run_with_the_wolves
Lair:3:   layout_roguey, minmay_swamp_entry_worms,
          gammafunk_ghost_abyssal_escape
Lair:4:   layout_big_grid, dpeg_oklob_1, uniq_sonja
Lair:5:   hellmonk_lair_end_abyssal_woods, layout_cave_pods,
          nicolae_slime_entry_slimehenge, uniq_urug
Orc:1:    layout_caves, serial_shops, nicolae_shop_gibbet_a_chance
Orc:2:    st_orc_open, layout_diamond_mine, serial_shops, shop, basic_altar,
          led_sif_book, uniq_donald
Abyss:2:  base:
Lair:3

Skill      XL: |  1  2  3  4  5  6  7  8  9 10 11 12 13 14 15 16 |
---------------+-------------------------------------------------+-----
Axes           | 5 6 7 8 10 12 14 16 19 20 | 20.0
Fighting       | 5 10 12 14 16 17 | 17.5
Armour         | 2 |  2.4
Invocations    | 7 10 19 | 19.2
Evocations     | 2 10 13 | 13.7
Dodging        | 6 9 |  9.8
Shields        | 6 |  6.1

Action                     |  1- 3 |  4- 6 |  7- 9 | 10-12 | 13-15 | 16-18 || total
---------------------------+-------+-------+-------+-------+-------+-------++-------
  Melee: Hand axe          |    77 |   176 |   253 |       |       |       ||   506
         War axe           |       |       |   109 |   270 |       |       ||   379
         Battleaxe         |       |       |       |   109 |   612 |       ||   721
         Broad axe         |       |       |       |       |   125 |   127 ||   252
         Punch             |       |       |       |       |     1 |       ||     1
  Throw: Dart              |       |     2 |       |    10 |       |       ||    12
 Invoke: Wall of Briars    |       |       |     2 |     2 |     6 |     3 ||    13
         Grow Ballistomyce |       |       |     1 |     5 |    11 |     3 ||    20
         Overgrow          |       |       |       |       |     1 |       ||     1
  Evoke: Wand              |       |     4 |    15 |     4 |     8 |     1 ||    32
         Lightning rod     |       |       |       |       |    11 |       ||    11
         Box of beasts     |       |       |       |       |     1 |       ||     1
    Use: Scroll            |       |     5 |     2 |    16 |    17 |     6 ||    46
         Potion            |       |       |     3 |     3 |     2 |     7 ||    15
   Stab: Confused          |       |       |       |     4 |     5 |     1 ||    10
         Sleeping          |       |       |       |       |     4 |     3 ||     7
 Armour: Plate armour      |    19 |    79 |   217 |   143 |       |       ||   458
         Robe              |     6 |       |       |       |       |       ||     6
         Skin              |       |       |     7 |    11 |       |       ||    18
         Leather armour    |       |       |       |    56 |   225 |    40 ||   321
  Dodge: Dodged            |    46 |    24 |    90 |   184 |   416 |    51 ||   811
  Block: Kite shield       |       |       |       |       |    34 |    61 ||    95
         Reflection        |       |       |       |       |     3 |       ||     3

Table legend: (Time is in decaauts)
 A = Elapsed time spent in this place.
 B = Non-inter-level travel time spent in this place.
 C = Inter-level travel time spent in this place.
 D = Time resting spent in this place.
 E = Time spent auto-exploring this place.
 F = Levels seen in this place.
 G = Mean time per level.
                   A        B        C        D        E       F      G
               +--------+--------+--------+--------+--------+-----+--------+
         Total |  25604 |  23500 |   2104 |   3400 |  15645 |  24 | 1066.8 |
       Dungeon |  16438 |  15006 |   1432 |   1596 |  10860 |  15 | 1095.9 |
          Lair |   5900 |   5655 |    245 |    935 |   3591 |   5 | 1180.0 |
  Orcish Mines |   2339 |   1913 |    426 |    485 |   1035 |   2 | 1169.5 |
         Abyss |    184 |    184 |      0 |      4 |     41 |   1 |  184.0 |
      Gauntlet |    741 |    741 |      0 |    380 |    118 |   1 |  741.0 |
               +--------+--------+--------+--------+--------+-----+--------+

Top non-repeatable levels by time:
  Lair:5: 2120 daAuts
     D:5: 1573 daAuts
   Orc:2: 1570 daAuts
    D:14: 1558 daAuts
    D:10: 1502 daAuts
     D:6: 1324 daAuts
     D:7: 1219 daAuts
     D:8: 1183 daAuts
  Lair:3: 1144 daAuts
     D:1: 1123 daAuts
  Lair:1: 1116 daAuts
    D:12: 1027 daAuts
    D:15: 981 daAuts
     D:2: 948 daAuts
  Lair:2: 944 daAuts
